AoeStats
← TikiTiki95

Arabia

510385101Analyzed
2v2 RM · 1d ago on Sep 30, 2026· 34m 42s· 4 players
Game mode
Random Map
Map size
Medium (4 player)
Population
200
Speed
Normal
Resources
Standard
Victory
Conquest
Starting age
Dark Age
Ending age
Imperial Age
RankedLock teamsTeams togetherTeam positionsShared explorationLock speedFull tech treeHidden civsTurbo modeCheats
Victory
Defeat
🇩🇪 Magyars · Germany
1235
+10
🇩🇪 Saxons · Germany
1130
+14
🇦🇷 Khmer · Argentina
1120
-13
🇨🇱 Varangians · Chile
1073
-11
TikiTiki95
8:50 Loom
11:01 Feudal Age
11:32 Double-Bit Axe
12:36 Horse Collar
16:10 Bloodlines
17:43 Forging
19:09 Scale Barding Armor
22:29 Castle Age
24:07 Chain Barding Armor
27:03 Iron Casting
28:58 Husbandry
32:44 Gold Mining
[TVDT] Nameless
6:49 Loom
9:52 Feudal Age
10:23 Double-Bit Axe
12:04 Bloodlines
23:36 Padded Archer Armor
26:25 Wheelbarrow
29:39 Castle Age
27:43 Horse Collar
31:31 Scale Barding Armor
32:13 Forging
33:06 Chain Barding Armor
34:33 Husbandry
HerrVonker
7:40 Loom
10:20 Feudal Age
11:33 Double-Bit Axe
13:29 Fletching
18:31 Padded Archer Armor
24:21 Castle Age
21:54 Man-at-Arms
22:34 Horse Collar
25:09 Bodkin Arrow
25:14 Scale Mail Armor
25:25 Forging
24:38 Long Swordsman
26:08 Squires
27:07 Gambesons
27:44 Pikeman
28:10 Arson
28:56 Chain Mail Armor
29:30 Heavy Plow
30:54 Wheelbarrow
30:52 Gold Mining
30:53 Stone Mining
32:30 Town Watch
34:16 Hand Cart
henobe
9:34 Feudal Age
7:50 Loom
10:13 Double-Bit Axe
10:10 Horse Collar
16:24 Scale Barding Armor
19:25 Bloodlines
26:42 Castle Age
28:00 Chain Barding Armor
27:53 Bow Saw
29:01 Husbandry
Connection lost

Rejoining the realm…

Still unreachable

The connection could not be restored.

Session expired

The server has moved on; the page needs a fresh start.